 Dungeon Crawl Stone Soup version 0.31.0-32-g396128a36d (webtiles) character file.

Game seed: 5729528670777316328

5484 cdecastro the Spear-Bearer (level 10, -7/73 HPs)
             Began as a Human Cinder Acolyte on Mar 8, 2024.
             Was a Priest of Ignis.
             Mangled by a boulder beetle (33 damage)
             ... on level 11 of the Dungeon.
             The game lasted 00:20:39 (11406 turns).

cdecastro the Spear-Bearer (Human Cinder Acolyte)  Turns: 11406, Time: 00:20:40

Health: -7/73      AC: 11    Str: 15    XL:     10   Next: 69%
Magic:  0/11       EV: 13    Int: 19    God:    Ignis [***...]
Gold:   425        SH:  0    Dex: 11    Spells: 11/11 levels left

rFire   + . .        K - +7 spear of Puycaf {flame, rPois Int+3}
rCold   . . .        (no shield)
rNeg    . . .        M - +0 plate armour
rPois   +            (no helmet)
rElec   .            (no cloak)
rCorr   .            j - +0 pair of gloves
SInv    .            (no boots)
Will    .....        n - amulet of guardian spirit Stlth
                     c - +5 ring of evasion
HPRegen 0.32/turn    I - +5 ring of evasion
MPRegen 0.12/turn

%: guardian spirit
@: no status effects
A: explore regen
a: Renounce Religion, Fiery Armour, Foxfire Swarm


You were on level 11 of the Dungeon.
You worshipped Ignis.
Ignis was most pleased with you.
You visited 2 branches of the dungeon, and saw 12 of its levels.

You collected 552 gold pieces.
You spent 127 gold pieces at shops.

Inventory:

Hand Weapons
 a - a -1 falchion of flaming
 l - a +0 short sword of flaming
 K - the +7 spear of Puycaf (weapon) {flame, rPois Int+3}
   (You found it on level 5 of the Dungeon)

   Int+3:     It affects your intelligence (+3).
   rPois:     It protects you from poison
Missiles
 p - 5 atropa-tipped darts
 w - 21 poisoned darts (quivered)
 E - 4 boomerangs
Armour
 b - a +1 helmet
 j - a +0 pair of gloves (worn)
 v - a +1 ring mail of cold resistance
 M - a +0 plate armour (worn)
Magical Staves
 s - a staff of fire
Jewellery
 c - a +5 ring of evasion (left hand)
 d - a ring of wizardry
 h - a ring of magical power
 n - an amulet of guardian spirit (around neck)
 q - a ring of poison resistance
 y - an amulet of reflection
 A - a ring of flight
 I - a +5 ring of evasion (right hand)
 S - a ring of protection from fire
Wands
 m - a wand of quicksilver (10)
 D - a wand of polymorph (7)
 V - a wand of mindburst (5)
 W - a wand of flame (8)
Scrolls
 e - a scroll of fear {unknown}
 f - 4 scrolls of enchant weapon {unknown}
 g - a scroll of fog {unknown}
 k - 7 scrolls of teleportation {unknown}
 r - 2 scrolls of torment {unknown}
 x - a scroll of enchant armour {unknown}
 B - a scroll of blinking {unknown}
 C - a scroll of summoning {unknown}
 G - 2 scrolls of vulnerability {unknown}
 H - a scroll of poison {unknown}
 N - a scroll of silence {unknown}
 R - 2 scrolls of revelation {unknown}
 T - a scroll of immolation {unknown}
 U - a scroll of amnesia {unknown}
Potions
 i - 2 potions of degeneration
 o - 5 potions of brilliance
 t - 5 potions of mutation
 u - 5 potions of attraction
 z - a potion of ambrosia
 F - a potion of cancellation
 J - a potion of enlightenment {unknown}
 L - a potion of berserk rage {unknown}
 O - a potion of heal wounds {unknown}
 P - 4 potions of lignification
 Q - 2 potions of might


   Skills:
 + Level 4.7 Fighting
 - Level 9.7 Long Blades
 - Level 12.0 Polearms
 - Level 1.0 Spellcasting
 - Level 3.0 Fire Magic


You had 11 spell levels left.
You didn't know any spells.
Your spell library contained the following spells:

 Spells                   Type           Power      Damage    Failure   Level
 Scorch                   Fire           24%        2d6       100%        2
 Dazzling Flash           Conj/Hex       0%         N/A       100%        3
 Fugue of the Fallen      Necr           0%         N/A       100%        3
 Inner Flame              Hex/Fire       6%         N/A       100%        3
 Mephitic Cloud           Conj/Alch/Air  0%         N/A       100%        3
 Ozocubu's Armour         Ice            0%         N/A       100%        3
 Flame Wave               Conj/Fire      6%         2d5       100%        4
 Manifold Assault         Tloc           0%         N/A       100%        4
 Sticky Flame             Fire/Alch      6%         2d4       100%        4
 Curse of Agony           Necr           0%         N/A       100%        5
 Silence                  Hex/Air        0%         N/A       100%        5


Dungeon Overview and Level Annotations

Branches:
Dungeon (11/15)            Temple (1/1) D:7            Lair (0/5) D:10
    Orc: D:9-12

Altars:
Ashenzari
Cheibriados
Dithmenos
Elyvilon
Fedhas
Gozag
Hepliaklqana
Kikubaaqudgha
Makhleb
Nemelex Xobeh
Okawaru
Qazlal
Ru
Sif Muna
Trog
Uskayaw
Vehumet
Wu Jian
Xom
Yredelemnul
Zin
The Shining One

Shops:
D:4 *=   D:7 [

Annotations:
D:5 Prince Ribbit
D:8 not done
D:9 exclusion: obsidian statue
D:10 Harold


Innate Abilities, Weirdness & Mutations

You regain HP and MP as you explore.


Message History

The boulder beetle leaps!
Unknown command.
You see here 3 poisoned darts.
The boulder beetle curls into a ball and begins rolling!
Throw: 24 darts (poison)
Press: ? - help, Q - select action, (/) - cycle Shift-Dir - straight line, f/p - boulder beetle
Aim: a boulder beetle (heavily wounded, rolling, very poisoned, 88% to hit)
You throw a poisoned dart.
The poisoned dart hits the boulder beetle.
The boulder beetle is heavily wounded.
You hit the boulder beetle but do no damage.
The boulder beetle is heavily wounded.
The boulder beetle misses you.
The boulder beetle stops rolling and uncurls.
Unknown command.
You hit the boulder beetle but do no damage.
The boulder beetle is heavily wounded.
Unknown command.
Throw: 23 darts (poison)
Press: ? - help, Q - select action, (/) - cycle Shift-Dir - straight line, f/p - boulder beetle
Aim: a boulder beetle (heavily wounded, poisoned, 88% to hit)
You throw a poisoned dart.
The poisoned dart barely misses the boulder beetle.
The boulder beetle barely misses you.
You hit the boulder beetle but do no damage.
The boulder beetle is heavily wounded.
The boulder beetle bites you!
* * * LOW HITPOINT WARNING * * *
Throw: 22 darts (poison)
Press: ? - help, Q - select action, (/) - cycle Shift-Dir - straight line, f/p - boulder beetle
Aim: a boulder beetle (heavily wounded, poisoned, 88% to hit)
You throw a poisoned dart.
The poisoned dart barely misses the boulder beetle.
The boulder beetle leaps!
The boulder beetle attacks as it pursues you!
The boulder beetle bites you.
* * * LOW HITPOINT WARNING * * *
The boulder beetle curls into a ball and begins rolling!
The boulder beetle looks more healthy.
The boulder beetle hits you!!!
You die...

.......# #...## .......#
#....## .......#
#.....##### ○....(###
###...###...#
.○......###......##...##
..°°.....(.(...........#
#.##.#.......°°○.......##
# ##.........##B.......#
............##@..#..###
##..(...........#####
#...#.............##
..[..........#......##
...#............^....###
...................#
..............###
...........##.#
...........###


You could see a boulder beetle (rolling).

Vanquished Creatures
  A kobold demonologist (D:7)
  2 trolls
  2 vampires
  2 shadows (D:10)
  A yak (D:9)
  2 steam dragons
  A water moccasin (D:6)
  An acid dragon (D:11)
  An orc warrior (D:7)
  A sky beast (D:8)
  7 black bears
  An ice beast (D:6)
  2 ogres
  2 centaurs
  A phantom (D:5)
  4 kobold brigands
  A bullfrog (D:7)
  A gnoll sergeant (D:10)
  A scorpion (D:5)
  3 wights (D:8)
  13 killer bees (D:9)
  2 howler monkeys
  A crimson imp (D:8)
  4 hounds
  A bombardier beetle (D:4)
  7 orc priests
  A scorpion zombie (D:4)
  2 sleepcaps
  2 iguanas
  7 orc wizards
  A hound zombie (D:4)
  4 gnolls
  4 adders
  2 white imps
  4 ufetubi
  2 adder zombies (D:4)
  2 dart slugs
  2 ribbon worms
  28 orcs
  5 bats
  4 endoplasms
  4 giant cockroaches
  6 goblins
  4 hobgoblins
  12 jackals
  24 kobolds
  A quokka (D:3)
  6 ball pythons
  5 frilled lizards
  3 rats
200 creatures vanquished.

Vanquished Creatures (others)
  A shadow imp (D:6)
  2 orcs (D:6)
  20 foxfires (D:10)
23 creatures vanquished.

Grand Total: 223 creatures vanquished

Notes
Turn   | Place    | Note
-------+----------+-------------------------------------------
     0 | D:1      | cdecastro the Human Cinder Acolyte began the quest for the
                  | Orb.
     0 | D:1      | Reached XP level 1. HP: 18/18 MP: 2/2
   258 | D:1      | Reached XP level 2. HP: 16/24 MP: 3/3
   472 | D:1      | Found a faded altar of an unknown god.
  1106 | D:2      | Reached XP level 3. HP: 29/29 MP: 4/4
  2132 | D:2      | Reached XP level 4. HP: 17/35 MP: 5/5
  2418 | D:3      | Reached skill level 5 in Long Blades
  3527 | D:3      | Found an ornate altar of the Wu Jian Council.
  3651 | D:4      | Noticed a centaur
  3665 | D:4      | Killed a centaur
  3666 | D:4      | Reached XP level 5. HP: 39/41 MP: 6/6
  3760 | D:4      | Found a bloodstained altar of Trog.
  3897 | D:4      | Found Eryd's Assorted Antiques.
  3905 | D:4      | Bought a sharpened bone wand for 104 gold pieces
  3905 | D:4      | Bought an orange potion for 23 gold pieces
  3982 | D:4      | Found Wahib's Jewellery Emporium.
  4089 | D:4      | Found a basalt altar of Yredelemnul.
  4106 | D:4      | Reached XP level 6. HP: 47/47 MP: 7/7
  4572 | D:5      | Entered Level 5 of the Dungeon
  4953 | D:5      | You fall into a shaft and drop 3 floors!
  4986 | D:8      | Found a burning altar of Makhleb.
  4986 | D:8      | Found a shimmering altar of Xom.
  5037 | D:8      | Reached XP level 7. HP: 51/52 MP: 8/8
  5193 | D:7      | HP: 2/52 [orc warrior/+0 dire flail (6)]
  5200 | D:7      | Noticed a kobold demonologist
  5221 | D:7      | Killed a kobold demonologist
  5222 | D:7      | Reached XP level 8. HP: 11/58 MP: 1/9
  5457 | D:6      | Noticed Prince Ribbit
  5547 | D:5      | Identified the +7 spear of Puycaf {flame, rPois Int+3}
  5651 | D:5      | Found an ancient bone altar of Kikubaaqudgha.
  5651 | D:5      | Found a glowing silver altar of Zin.
  5659 | D:5      | Found a snail-covered altar of Cheibriados.
  5661 | D:5      | Found a hazy altar of Hepliaklqana.
  5663 | D:5      | Found a sparkling altar of Nemelex Xobeh.
  5974 | D:5      | Reached skill level 1 in Polearms
  5983 | D:5      | Reached skill level 2 in Polearms
  6296 | D:5      | Reached skill level 4 in Polearms
  6687 | D:6      | Reached skill level 5 in Polearms
  6735 | D:6      | Reached skill level 6 in Polearms
  6735 | D:6      | Reached XP level 9. HP: 18/63 MP: 4/10
  7259 | D:6      | Found an iron altar of Okawaru.
  7555 | D:7      | Identified the +4 dagger of Dithmenos's Reproof {flame,
                  | Will+ Dex+5}
  7757 | D:7      | Reached skill level 7 in Polearms
  7858 | D:7      | Found Caunome's Armour Emporium.
  7879 | D:7      | Found a staircase to the Ecumenical Temple.
  7912 | Temple   | Entered the Ecumenical Temple
  8222 | D:8      | Noticed a centaur warrior
  8239 | D:8      | Found a broken altar of Ashenzari.
  8455 | D:8      | Found a radiant altar of Vehumet.
  8480 | D:8      | Reached skill level 8 in Polearms
  9004 | D:9      | Noticed an obsidian statue
  9193 | D:9      | Identified the +0 robe of Cien {Str+3}
  9218 | D:9      | Reached skill level 9 in Polearms
  9610 | D:9      | Reached skill level 10 in Polearms
  9909 | D:10     | Entered Level 10 of the Dungeon
  9924 | D:10     | Reached XP level 10. HP: 70/70 MP: 11/11
 10212 | D:10     | Reached skill level 11 in Polearms
 10701 | D:10     | Found a shimmering blue altar of Sif Muna.
 10764 | D:10     | Found a staircase to the Lair.
 10847 | D:10     | Found an opulent altar of Gozag.
 10879 | D:10     | Reached skill level 12 in Polearms
 10957 | D:10     | Noticed Harold
 10965 | D:10     | Paralysed by Harold for 5 turns
 11376 | D:11     | Noticed a boulder beetle
 11406 | D:11     | Mangled by a boulder beetle

Illustrated notes

Levels and vault maps discovered:
D:1:      mushboom_english_gardens, layout_basic,
          dreamdust_ecumenical_altar_sealed_demon, st_stairs_10,
          minmay_misc_feat_rugged, chequers_jeans
D:2:      layout_basic, minmay_door_square
D:3:      layout_basic, nicolae_wu_jian_immortal_techniques, eino_tiny_chamber
D:4:      layout_basic, nicolae_yredelemnul_corpse_copse,
          lightli_temple_of_fire, serial_shops, nicolae_shop_window_shopping,
          shop, chequers_serial_rivers_marsh
D:5:      layout_basic, chequers_temple_overflow_minitemple
D:6:      layout_loops_ring, mainiacjoe_overflow_24_doors, kennysheep_doodads,
          wad_floor_pattern_1, dk_noncrumbling_4, uniq_prince_ribbit1
D:7:      layout_basic, temple_green, serial_shops, shop
D:8:      layout_cave_pools, grunt_temple_overflow_champion_of_chaos,
          lemuel_tele_altar, nicolae_ashenzari_panopticon, grunt_ogre_cave,
          kennysheep_island_fort
D:9:      layout_loops_ring, minivault_15, nicolae_fountain_basement
D:10:     layout_cave_pools, lemuel_round_altar, mainiacjoe_overflow_chevrons,
          due_lair_maze_entry_diamond, columned_hall_lemuel, uniq_harold
D:11:     layout_cave_pools, orc_0_dummy
Temple:   nicolae_temple_little_seven

Skill      XL: |  1  2  3  4  5  6  7  8  9 10 |
---------------+-------------------------------+-----
Long Blades    | 4 6 7 9 |  9.7
Polearms       | 6 10 12 | 12.0
Fighting       | 4 |  4.7
Spellcasting   | |  1.0
Fire Magic     | |  3.0

Action                     |  1- 3 |  4- 6 |  7- 9 | 10-12 || total
---------------------------+-------+-------+-------+-------++-------
  Melee: Falchion          |    83 |       |    64 |       ||   147
         Short sword       |   103 |   352 |    50 |       ||   505
         Punch             |     1 |     6 |     6 |     2 ||    15
         Unarmed           |       |     8 |       |       ||     8
         Spear             |       |       |   304 |   195 ||   499
  Throw: Dart              |       |       |       |     8 ||     8
 Invoke: Fiery Armour      |       |       |     4 |     1 ||     5
         Rising Flame      |       |       |     1 |       ||     1
         Foxfire Swarm     |       |       |       |     1 ||     1
    Use: Scroll            |       |       |     7 |     2 ||     9
         Potion            |       |       |     2 |       ||     2
 Armour: Robe              |   129 |       |       |       ||   129
         Ring mail         |       |   110 |    97 |       ||   207
         Skin              |       |     6 |       |       ||     6
         Plate armour      |       |       |   154 |   146 ||   300
  Dodge: Dodged            |   140 |   197 |   263 |   129 ||   729
